 Dungeon Crawl Stone Soup version 0.27-a0-1144-g0b7d3b79db (webtiles) character file.

Game seed: 16473448912514987718

1 neco the Firebug (level 1, -1/11 HPs)
             Began as an Octopode Fire Elementalist on May 10, 2021.
             Slain by a jackal (2 damage)
             ... on level 1 of the Dungeon.
             The game lasted 00:09:02 (188 turns).

neco the Firebug (Octopode Fire Elementalist)        Turns: 188, Time: 00:09:02

Health: -1/11      AC:  1    Str:  7    XL:     1   Next: 20%
Magic:  3/3        EV: 13    Int: 17    God:
Gold:   34         SH:  0    Dex: 12    Spells: 2/4 levels left

rFire    . . .     SeeInvis .   (no weapon)
rCold    . . .     Faith    .   (no shield)
rNeg     . . .     Spirit   .   (helmet restricted)
rPois    .         Reflect  .   (no amulet)
rElec    .         Harm     .   (no ring)
rCorr    .         Rampage  .   (no ring)
Will     .....                  (no ring)
Stlth    ++++......             (no ring)
HPRegen  0.03/turn              (no ring)
MPRegen  0.08/turn              (no ring)
                                (no ring)
                                (no ring)

@: no status effects
A: almost no armour, amphibious, 8 rings, camouflage 1, gelatinous body 1,
nimble swimmer 1, tentacles
a: no special abilities


You were on level 1 of the Dungeon.
You visited 1 branch of the dungeon, and saw 1 of its levels.

You collected 34 gold pieces.

Inventory:

Hand Weapons
 b - a +0 dagger
Missiles
 a - 20 stones


   Skills:
 + Level 2.0 Dodging
 + Level 2.6 Stealth
 + Level 2.0 Spellcasting
 + Level 1.0 Conjurations
 + Level 3.1 Fire Magic


You had 2 spell levels left.
You knew the following spells:

 Your Spells              Type           Power      Damage    Failure   Level
a - Foxfire               Conj/Fire      32%        2x1d5     9%          1
b - Magic Dart            Conj           20%        1d4       13%         1

Your spell library contained the following spells:

 Spells                   Type           Power      Damage    Failure   Level
 Searing Ray              Conj           10%        3d3       19%         2
 Conjure Flame            Conj/Fire      8%         6-21      26%         3
 Inner Flame              Hex/Fire       6%         N/A       30%         3
 Dazzling Flash           Conj/Hex       6%         N/A       43%         3
 Sticky Flame             Conj/Fire      8%         2d3       63%         4
 Fulminant Prism          Conj/Hex       1%         3d6       83%         4
 Iskenderun's Mystic Bla  Conj/Tloc      3%         2d3       83%         4
 Fireball                 Conj/Fire      4%         3d4       93%         5


Dungeon Overview and Level Annotations

Branches:
Dungeon (1/15)

Altars:


Innate Abilities, Weirdness & Mutations

You cannot wear most types of armour.
You are amphibious.
You can wear up to eight rings at the same time.
Your skin changes colour to match your surroundings (Stealth+).
Your rubbery body absorbs attacks. (AC +1, EV +1)
You are camouflaged near water. (Stealth+)
You have tentacles for arms and can constrict up to eight enemies at once.


Message History

The jackal splashes around in the water.
Really attack while wielding nothing? [Y]es or [N]o only, please.
Really attack while wielding nothing?
Okay, then.
The jackal bites the plant.
The plant begins to die.
The jackal bites the plant.
The jackal completely misses you.
The jackal bites the plant.
The ball python bites the plant.
The plant begins to die.
The ball python grabs the plant.
The ball python constricts the plant.
The jackal misses you. The jackal barely misses you.
The jackal splashes around in the water.
The ball python loses its grip on the plant.
The jackal bites you.
The jackal bites the plant.
The jackal bites you.
The jackal bites you but does no damage.
The jackal splashes around in the water.
A nearby plant withers and dies. x2; The jackal closely misses you.
The jackal bites you.
The ball python hisses angrily.
The jackal barks!
The ball python closely misses you. The ball python grabs you.
* * * LOW HITPOINT WARNING * * *
The ball python constricts you.
The jackal splashes around in the water.
The jackal bites you.
* * * LOW HITPOINT WARNING * * *
You escape the ball python's grasp.
The jackal closely misses you. The ball python barely misses you. x2
The jackal bites you but does no damage.
The ball python barely misses you. The ball python grabs you.
* * * LOW HITPOINT WARNING * * *
The ball python constricts you.
You escape the ball python's grasp.
The ball python bites the plant.
The plant begins to die.
The ball python grabs the plant.
The ball python constricts the plant.
The ball python loses its grip on the plant.
It was a potion of magic.
Magic courses through your body. The jackal bites you.
You die...

#.# # #.# ##. #.##### ....
#.#.... #...# #.#....
#.....###♣♣♣♣♣♣# #......
.......#≈≈≈♣≈P≈♣ #......
....♣♣♣≈≈≈≈≈h≈≈♣########.#...#
..♣♣≈≈≈≈≈≈h≈h@P≈............#.
♣≈≈P≈≈≈≈≈≈PS≈PPP..#####....#.
♣≈≈≈≈≈≈≈≈≈≈hP≈≈≈P♣..## #...#..
#♣≈≈≈≈P≈≈≈≈≈P≈≈≈.♣...# #...#..
#≈≈♣≈P.≈....≈.......# ##..#..
##+.................# ..#..
#.........≈...≈≈PP## ..#..
#....≈P..≈PP≈≈≈♣♣♣# ..#..
....♣≈P≈P≈≈≈≈P♣P# #..


You could see 4 jackals and a ball python.

Vanquished Creatures
  A goblin (D:1)
1 creature vanquished.

Vanquished Creatures (others)
  3 foxfires (D:1)
  2 plants (D:1)
5 creatures vanquished.

Grand Total: 6 creatures vanquished

Notes
Turn   | Place    | Note
-------+----------+-------------------------------------------
     0 | D:1      | neco the Octopode Fire Elementalist began the quest for the
                  | Orb.
     0 | D:1      | Reached XP level 1. HP: 11/11 MP: 3/3
   121 | D:1      | s
   123 | D:1      | Learned a level 1 spell: Magic Dart
   188 | D:1      | Slain by a jackal

Illustrated notes

#########
##########.......#
#..@..........##.#
#.########...#.#.###
# #..###.....
#...#...###
####...## ##.# #.#
##### #.##### .....#
...#...


Turn 121 on D:1: s

Levels and vault maps discovered:
D:1:      dpeg_arrival_solitude, layout_loops_corners,
          hellmonk_ecumenical_altar_run_dry, serial_bayou_ford_a

Action                   || total
-------------------------++-------
Melee: Unarmed           ||     1
 Cast: Foxfire           ||     2
  Use: Potion            ||     1
Armor: Skin              ||     2
Dodge: Dodged            ||    12

Table legend: (Time is in decaauts)
 A = Elapsed time spent in this place.
 B = Non-inter-level travel time spent in this place.
 C = Inter-level travel time spent in this place.
 D = Time resting spent in this place.
 E = Time spent auto-exploring this place.
 F = Levels seen in this place.
 G = Mean time per level.
                   A        B        C        D        E       F      G
               +--------+--------+--------+--------+--------+-----+--------+
         Total |    188 |    188 |      0 |      0 |      0 |   1 |  188.0 |
       Dungeon |    188 |    188 |      0 |      0 |      0 |   1 |  188.0 |
               +--------+--------+--------+--------+--------+-----+--------+

Top non-repeatable levels by time:
     D:1: 188 daAuts
